 Dungeon Crawl Stone Soup version 0.27.1-34-g3ba077fa99 (webtiles) character file.

Game seed: 2959710714266020894

99795 iwittbrodt the Impaler (level 15, -13/131 HPs)
             Began as a Minotaur Gladiator on Jan 26, 2022.
             Was a High Priest of Hepliaklqana.
             Mangled by an alligator (16 damage)
             ... on level 3 of the Swamp on Jan 27, 2022.
             The game lasted 01:45:42 (27332 turns).

iwittbrodt the Impaler (Minotaur Gladiator)        Turns: 27332, Time: 01:45:42

Health: -13/131    AC: 29    Str: 23    XL:     15   Next: 78%
Magic:  0/14       EV:  9    Int:  8    God:    Hepliaklqana [*****.]
Gold:   871        SH:  0    Dex: 13    Spells: 12/14 levels left

rFire    + + .     SeeInvis +   a - +7 bardiche of Foul Odors {freeze, rPois}
rCold    . . .     Faith    .   (shield currently unavailable)
rNeg     . . .     Spirit   +   o - +1 plate armour {rPois}
rPois    +         Reflect  .   g - +5 hat "Kufany" {rF+ Regen+ Int+2}
rElec    +         Harm     .   F - +1 cloak
rCorr    .         Rampage  .   n - +0 pair of gloves
Will     ++...                  L - +0 pair of boots
Stlth    ..........             Y - amulet of guardian spirit
HPRegen  1.31/turn              A - ring of Agarom {rElec rF+ SInv Stlth+}
MPRegen  0.14/turn              N - ring of willpower

@: no status effects
A: reduced essence, horns 2, retaliatory headbutt
a: Renounce Religion, Recall Ancestor, Ancestor Identity, Transference, Idealise


You were on level 3 of the Swamp.
You worshipped Hepliaklqana.
Hepliaklqana was extremely pleased with you.
You visited 5 branches of the dungeon, and saw 23 of its levels.
You also visited: Sewer and Volcano.

You collected 2136 gold pieces.
You spent 1265 gold pieces at shops.

Inventory:

Hand Weapons
 a - the +7 bardiche of Foul Odors (weapon) {freeze, rPois}
   (You acquired it on level 6 of the Dungeon)

   It freezes those it strikes, dealing additional cold damage.
   It can also slow down cold-blooded creatures.
   rPois:     It protects you from poison.
 b - a +3 shortbow of flaming
Missiles
 d - 4 throwing nets
 h - 34 poisoned darts (quivered)
 x - 232 arrows
 W - 7 datura-tipped darts
Armour
 g - the +5 hat "Kufany" (worn) {rF+ Regen+ Int+2}
   (You acquired it on level 1 of the Swamp)

   Int:       It affects your intelligence (+2).
   rF:        It protects you from fire.
   Regen:     It increases your rate of health regeneration.
 n - a +0 pair of gloves (worn)
 o - a +1 plate armour of poison resistance (worn)
 D - +0 acid dragon scales
 F - a +1 cloak (worn)
 L - a +0 pair of boots (worn)
 Q - a +0 tower shield
 U - a +3 leather armour of fire resistance
Jewellery
 A - the ring of Agarom (left hand) {rElec rF+ SInv Stlth+}
   (You found it on level 3 of the Swamp)

   [ring of protection from fire]

   rF:        It protects you from fire.
   rElec:     It insulates you from electricity.
   SInv:      It lets you see invisible.
   Stlth:     It makes you more stealthy.
 M - a ring of ice
 N - a ring of willpower (right hand)
 Y - an amulet of guardian spirit (around neck)
Wands
 j - a wand of digging (5)
 s - a wand of paralysis (4)
 u - a wand of polymorph (25)
 w - a wand of mindburst (40)
 K - a wand of iceblast (14)
 O - a wand of flame (25)
Scrolls
 e - 3 scrolls of fear
 m - 4 scrolls of magic mapping
 t - 4 scrolls of enchant weapon
 y - 2 scrolls of identify
 B - 6 scrolls of enchant armour
 G - a scroll of summoning
 I - a scroll of fog
 P - 4 scrolls of teleportation
 V - a scroll of blinking
 X - a scroll of amnesia
Potions
 f - 8 potions of curing
 i - 4 potions of flight
 k - 6 potions of lignification
 q - 2 potions of resistance
 r - 2 potions of brilliance
 v - 2 potions of might {unknown}
 z - 4 potions of haste
 C - 2 potions of mutation {unknown}
 H - 3 potions of invisibility
 J - 5 potions of ambrosia
 T - 3 potions of cancellation
Miscellaneous
 l - a phantom mirror
 p - a box of beasts


   Skills:
 + Level 16.9 Fighting
 * Level 20.5 Polearms
 - Level 5.0 Bows
 - Level 5.3 Throwing
 + Level 15.5 Armour
 - Level 4.1 Dodging
 - Level 4.0 Translocations


You had 12 spell levels left.
You knew the following spells:

 Your Spells              Type           Power      Damage    Failure   Level
a - Blink                 Tloc           N/A        N/A       71%         2

Your spell library contained the following spells:

 Spells                   Type           Power      Damage    Failure   Level
 Apportation              Tloc           12%        N/A       56%         1
 Lesser Beckoning         Tloc           3%         N/A       90%         3
 Sting                    Tmut/Pois      0%         1d3       98%         1
 Poisonous Vapours        Pois/Air       0%         N/A       99%         2
 Portal Projectile        Hex/Tloc       6%         N/A       99%         3
 Call Canine Familiar     Summ           0%         N/A       100%        3
 Frozen Ramparts          Ice            0%         1d2       100%        3
 Ice Form                 Ice/Tmut       0%         N/A       100%        4
 Leda's Liquefaction      Hex/Erth       0%         N/A       100%        4
 Olgreb's Toxic Radiance  Pois           0%         N/A       100%        4
 Summon Ice Beast         Ice/Summ       0%         N/A       100%        4
 Summon Lightning Spire   Summ/Air       0%         N/A       100%        4
 Alistair's Intoxication  Tmut/Pois      0%         N/A       100%        5
 Manifold Assault         Tloc           6%         N/A       100%        5
 Invisibility             Hex            0%         N/A       100%        6
 Storm Form               Tmut/Air       0%         N/A       100%        7
 Maxwell's Capacitive Co  Air            0%         ∞         100%        8


Dungeon Overview and Level Annotations

Branches:
Dungeon (10/15)            Temple (1/1) D:6            Lair (6/6) D:9
  Swamp (4/4) Lair:4        Snake (0/4) Lair:4        Slime (0/5) Lair:6
    Orc (2/2) D:10            Elf (0/3) Orc:2         Sewer (visited)
Volcano (visited)

Altars:
Ashenzari
Cheibriados
Dithmenos
Elyvilon
Fedhas
Gozag
Hepliaklqana
Kikubaaqudgha
Makhleb
Nemelex Xobeh
Okawaru
Qazlal
Ru
Sif Muna
Trog
Uskayaw
Vehumet
Wu Jian
Xom
Yredelemnul
Zin
The Shining One

Shops:
D:2 *   D:8 *   Orc:2 :![!

Annotations:
D:10 2 transporters, Lobster4's ghost, journeyman DrTm


Innate Abilities, Weirdness & Mutations

Your life essence is reduced to manifest your ancestor. (-10% HP)
You have a pair of horns on your head.
You reflexively headbutt those who attack you in melee.


Message History

The tyrant leech misses you. You furiously retaliate!
You headbutt the tyrant leech.
Reach: a) +7 bardiche of Foul Odors {freeze, rPois}
Press: ? - help, Dir - move target, f - alligator
Aim: an alligator (moderately wounded, covering ground quickly, about 24% to evade the +7 bardiche of Foul Odors)
Okay, then.
The swamp worm fires a harpoon shot at you.
The harpoon shot hits you but does no damage.
The alligator bites you but does no damage.
The alligator misses you.
The swamp worm fires a harpoon shot at you.
The harpoon shot hits you but does no damage.
You enter the shallow water.
Moving in this stuff is going to be slow.
The alligator bites you but does no damage.
The alligator closely misses you. The alligator bites you.
* * * LOW HITPOINT WARNING * * *
The alligator tail-slaps you but does no damage.
The alligator bites you!
* * * LOW HITPOINT WARNING * * *
The alligator tail-slaps you but does no damage.
The alligator bites you but does no damage.
The alligator tail-slaps you but does no damage.
The alligator bites you but does no damage.
The alligator tail-slaps you!
* * * LOW HITPOINT WARNING * * *
The swamp worm fires a harpoon shot at you.
The harpoon shot misses you. The alligator bites you.
* * * LOW HITPOINT WARNING * * *
The alligator tail-slaps you.
* * * LOW HITPOINT WARNING * * *
The swamp worm fires a harpoon shot at you.
The harpoon shot hits you but does no damage.
The alligator bites you!
* * * LOW HITPOINT WARNING * * *
The alligator tail-slaps you but does no damage.
The alligator bites you!
You die...

♣♣.≈...≈.≈≈..♣♣..≈..♣♣.♣♣
♣...≈....≈♣.♣♣♣♣.≈.≈♣.♣♣ ♣♣♣
♣♣.≈..≈....♣♣♣♣♣.♣♣≈.≈♣♣♣♣.♣
♣♣♣...(.w.♣.♣♣.♣♣♣♣≈..♣♣.♣♣ ♣♣♣
♣♣....≈[♣♣..♣♣♣♣..♣≈.♣.♣♣ ♣.♣
♣♣♣≈...w≈.♣♣♣..♣♣.♣♣♣..♣.♣
♣♣≈♣♣♣≈♣....≈♣♣♣♣..♣.♣.♣♣♣♣§.♣w
♣.≈.♣.≈....≈.t♣♣..♣♣♣.♣.♣♣.♣♣♣♣
♣♣≈≈.♣♣..≈....§@..♣♣♣♣.R♣.≈♣♣♣♣♣
♣.≈.≈≈♣♣♣.≈♣♣..♣.♣.♣..♣.♣♣♣..♣.≈
♣♣.♣§≈.♣≈≈.♣♣♣♣♣.♣♣..♣♣..♣.♣♣.♣.
♣♣.♣♣≈≈..≈.♣ ♣.♣♣♣♣♣..♣♣..♣♣..♣
♣.≈≈♣.≈..≈♣♣ ♣♣♣♣♣♣.♣♣.♣.♣≈♣≈.♣
♣♣.♣♣♣..≈≈♣ ♣≈.♣♣≈♣♣♣♣≈♣.♣♣.♣♣
♣..♣ ♣.≈..♣ ♣♣♣.♣.♣♣≈♣.♣♣..♣♣♣
♣..♣ ♣♣≈..♣ ♣.≈♣.♣.♣≈.♣♣♣♣...♣
♣♣≈≈♣ ♣♣..♣ ♣♣≈♣..♣♣...♣♣♣♣.♣♣.


You could see an alligator (swift) and a tyrant leech.

Vanquished Creatures
  Frances (Lair:4)
  3 fenstrider witches
  A red draconian (Volcano)
  2 bunyips
  2 eleionomae (Swamp:2)
  9 hydras
  A boulder beetle (D:9)
  A catoblepas (Lair:3)
  An ogre mage (Orc:2)
  A centaur warrior (D:9)
  3 alligators
  6 two-headed ogres
  3 death yaks
  A salamander mystic (Volcano)
  4 goliath frogs
  2 deep trolls
  A spriggan druid (Swamp:3)
  A bog body (Swamp:3)
  A swamp dragon (Swamp:1)
  An orc knight (D:10)
  An oklob plant (Lair:2)
  A cyclops (Orc:2)
  3 salamanders (Volcano)
  16 elephants
  Maurice (D:8)
  5 black mambas
  A molten gargoyle (Lair:5)
  22 cane toads
  A rime drake (Lair:4)
  2 torpor snails (Lair:6)
  Maggie (D:6)
  6 komodo dragons
  10 trolls
  A queen bee (D:10)
  A bloated husk (Swamp:3)
  2 polar bears (Lair:6)
  8 tyrant leeches
  2 hornets
  A slime creature (Lair:6)
  17 blink frogs
  4 dream sheep (Lair:5)
  A shadow (D:10)
  Sigmund (D:3)
  6 wyverns
  6 fire bats (Volcano)
  2 wraiths (Lair:5)
  65 yaks
  5 vampire mosquitoes (Lair:6)
  2 steam dragons
  5 basilisks
  2 wargs
  Menkaure (D:7)
  9 swamp worms
  2 nagas (Lair:4)
  11 water moccasins
  2 hell hounds (Lair:1)
  Duvessa (D:7)
  9 orc warriors
  An ice beast (D:5)
  A hornet zombie (D:7)
  3 sky beasts
  3 black bears
  2 necrophages
  17 wolves
  19 ogres
  A centaur (D:6)
  A kobold brigand (D:8)
  20 bullfrogs
  2 scorpions
  A hexer (Lair:6)
  A water moccasin skeleton (D:7)
  Dowan (D:7)
  14 killer bees (D:10)
  5 wights (D:6)
  An electric eel (Lair:6)
  9 lava snakes
  3 hounds
  3 jellies
  8 orc priests
  A gnoll shaman (D:5)
  2 centaur skeletons
  2 iguanas (D:5)
  13 orc wizards
  2 killer bee zombies (D:8)
  A hound skeleton (D:5)
  3 gnolls (Orc:2)
  A howler monkey skeleton (D:5)
  9 adders
  2 ufetubi
  5 worms
  A dart slug (D:3)
  54 orcs
  12 endoplasms
  9 giant cockroaches
  12 hobgoblins
  12 kobolds
  2 quokkas (Sewer)
  8 ball pythons
  6 bats
  5 frilled lizards
  4 goblins
  9 rats
572 creatures vanquished.

Vanquished Creatures (collateral kills)
  A bunyip (Swamp:2)
  Josephine (Lair:5)
  An ogre mage (Orc:2)
  4 hydras
  3 two-headed ogres (Orc:2)
  A goliath frog (Swamp:3)
  2 swamp dragons
  A cyclops (Orc:2)
  2 elephants
  A molten gargoyle (Lair:5)
  2 cane toads (Lair:6)
  4 komodo dragons
  2 trolls (Orc:1)
  2 tyrant leeches (Lair:6)
  7 blink frogs
  A wraith (Lair:5)
  A spriggan (Swamp:1)
  7 yaks
  A basilisk (Lair:3)
  A fire bat (Volcano)
  2 steam dragons
  A swamp worm (Swamp:1)
  5 water moccasins
  2 orc warriors
  A black bear (D:8)
  An ogre (Orc:2)
  A wolf (Lair:4)
  A gnoll sergeant (Orc:2)
  3 lava snakes
  A jelly (Lair:6)
  2 gnolls (Orc:2)
  7 orcs
72 creatures vanquished.

Vanquished Creatures (others)
  A hydra (Swamp:3)
  2 bloated husks
  A swamp drake (Swamp:3)
  7 ancestors
  36 hexers
  2 bushes (Lair:6)
  29 fungi
  94 plants
172 creatures vanquished.

Grand Total: 816 creatures vanquished

Notes
Turn   | Place    | Note
-------+----------+-------------------------------------------
     0 | D:1      | iwittbrodt the Minotaur Gladiator began the quest for the
                  | Orb.
     0 | D:1      | Reached XP level 1. HP: 18/18 MP: 0/0
   564 | D:1      | Reached XP level 2. HP: 25/25 MP: 1/1
  1391 | D:2      | Reached XP level 3. HP: 31/31 MP: 2/2
  1623 | D:2      | Found Hiarghusiq's Assorted Antiques.
  1880 | D:2      | Reached skill level 4 in Polearms
  2064 | D:3      | Noticed Sigmund
  2272 | D:3      | Noticed a sky beast
  2285 | D:3      | Killed a sky beast
  2286 | D:3      | Reached XP level 4. HP: 32/41 MP: 3/3
  2286 | D:3      | Reached XP level 5. HP: 36/47 MP: 4/4
  2777 | D:3      | Reached skill level 1 in Armour
  3169 | D:4      | Noticed an ogre
  3252 | D:4      | Reached skill level 5 in Fighting
  3484 | D:4      | Reached XP level 6. HP: 56/56 MP: 5/5
  3558 | D:4      | Reached skill level 5 in Polearms
  3690 | D:5      | Entered Level 5 of the Dungeon
  3783 | D:5      | Noticed an ice beast
  3850 | D:5      | Reached XP level 7. HP: 57/63 MP: 6/6
  3884 | D:5      | Found a glowing drain.
  3898 | Sewer    | Entered a sewer
  4830 | D:5      | Reached skill level 6 in Polearms
  4922 | D:4      | Reached XP level 8. HP: 73/73 MP: 7/7
  5336 | D:3      | Killed Sigmund
  5592 | D:5      | Found an opulent altar of Gozag.
  5710 | D:5      | Reached skill level 5 in Throwing
  5947 | D:5      | Reached skill level 5 in Armour
  6319 | D:6      | Reached skill level 7 in Polearms
  6392 | D:6      | Identified the +3 robe of Satisfaction {*Slow rN++ Str+3}
  6650 | D:6      | Found a staircase to the Ecumenical Temple.
  6662 | Temple   | Entered the Ecumenical Temple
  6832 | Temple   | Became a worshipper of Hepliaklqana the Forgotten
  6886 | D:6      | Noticed Maggie
  6905 | D:6      | Identified a scroll of acquirement
  6905 | D:6      | Acquired the +7 bardiche of Foul Odors {freeze, rPois}
  7052 | D:6      | Reached XP level 9. HP: 73/83 MP: 8/8
  7082 | D:6      | Found a shimmering blue altar of Sif Muna.
  7082 | D:6      | Found a shimmering altar of Xom.
  7580 | D:7      | Noticed Dowan
  7596 | D:7      | Killed Dowan
  7603 | D:7      | Noticed Duvessa
  7620 | D:7      | Killed Duvessa
  7621 | D:7      | Reached skill level 8 in Polearms
  7696 | D:7      | Noticed Menkaure
  7706 | D:7      | Killed Menkaure
  7707 | D:7      | Reached skill level 10 in Fighting
  8097 | D:8      | Found Zin's Purification Station.
  8097 | D:8      | Found a glowing silver altar of Zin.
  8099 | D:8      | Noticed Maurice
  8156 | D:8      | Killed Maurice
  8157 | D:8      | Reached skill level 9 in Polearms
  8418 | D:2      | Bought a shiny helmet for 172 gold pieces
  8429 | D:2      | Bought a glowing jade amulet for 115 gold pieces
  8608 | D:6      | Killed Maggie
  8791 | D:6      | Reached XP level 10. HP: 94/94 MP: 9/9
  8873 | D:6      | Reached skill level 10 in Polearms
  9251 | D:8      | Found a broken altar of Ashenzari.
  9317 | D:8      | Reached * piety under Hepliaklqana
 10003 | D:9      | Reached skill level 11 in Polearms
 10103 | D:9      | Noticed a centaur warrior
 10119 | D:9      | Killed a centaur warrior
 10248 | D:9      | Noticed a two-headed ogre
 10284 | D:9      | Killed a two-headed ogre
 10285 | D:9      | Reached skill level 12 in Polearms
 10343 | D:9      | Identified the ring of Xiatol {*Slow rElec EV+4 Str+9
                  | Int-5}
 10472 | D:9      | Noticed a boulder beetle
 10483 | D:9      | Killed a boulder beetle
 10484 | D:9      | Reached XP level 11. HP: 87/93 MP: 10/10
 10493 | D:9      | Found a staircase to the Lair.
 10600 | D:10     | Entered Level 10 of the Dungeon
 10709 | D:10     | Reached ** piety under Hepliaklqana
 10767 | D:10     | Remembered your ancestor Wabus as a hexer
 10963 | D:10     | Found a staircase to the Orcish Mines.
 11000 | D:10     | Found a transporter.
 11000 | D:10     | Noticed Lobster4's ghost (journeyman DrTm)
 11000 | D:10     | Noticed a two-headed ogre
 11057 | D:10     | Found a transporter.
 11077 | D:10     | Learned a level 2 spell: Blink
 11915 | Lair:1   | Entered Level 1 of the Lair of Beasts
 11921 | Lair:1   | Reached skill level 13 in Polearms
 11921 | Lair:1   | Reached skill level 1 in Translocations
 12117 | Lair:1   | Reached skill level 10 in Armour
 12317 | Lair:1   | Found a dark tunnel.
 12326 | Volcano  | Entered a volcano
 12563 | Volcano  | Noticed a salamander mystic
 12565 | Volcano  | Noticed a red draconian
 12598 | Volcano  | Killed a salamander mystic
 12612 | Volcano  | Killed a red draconian
 12619 | Volcano  | Reached skill level 14 in Polearms
 12686 | Volcano  | Reached XP level 12. HP: 101/101 MP: 11/11
 12695 | Volcano  | Found a burning altar of Makhleb.
 13561 | Lair:2   | Identified the +7 flail of Crawling {pain, rPois Will+
                  | Int-4}
 13718 | Lair:2   | Reached *** piety under Hepliaklqana
 14645 | Lair:3   | Reached skill level 15 in Polearms
 15031 | Lair:3   | Noticed a seven-headed hydra
 15463 | Lair:3   | Reached XP level 13. HP: 108/110 MP: 12/12
 15537 | Lair:3   | Reached skill level 16 in Polearms
 15744 | Lair:3   | Reached **** piety under Hepliaklqana
 16218 | Lair:3   | Reached skill level 1 in Bows
 16607 | Lair:3   | Identified the +6 mace "Vigiluom" {drain, SInv}
 17261 | Lair:4   | Found a staircase to the Swamp.
 17460 | Lair:4   | Found a staircase to the Snake Pit.
 18429 | Lair:5   | Reached skill level 17 in Polearms
 18769 | Lair:5   | Reached ***** piety under Hepliaklqana
 18926 | Lair:6   | Entered Level 6 of the Lair of Beasts
 19345 | Lair:5   | Reached XP level 14. HP: 103/119 MP: 13/13
 19405 | Lair:5   | Reached skill level 5 in Bows
 19472 | Lair:6   | Reached skill level 15 in Fighting
 20270 | Lair:6   | Reached skill level 18 in Polearms
 21071 | Lair:6   | Found a staircase to the Slime Pits.
 21694 | Orc:1    | Entered Level 1 of the Orcish Mines
 22269 | Orc:2    | Entered Level 2 of the Orcish Mines
 22787 | Orc:2    | Found a staircase to the Elven Halls.
 22813 | Orc:2    | Reached skill level 19 in Polearms
 23054 | Orc:2    | Reached XP level 15. HP: 75/129 MP: 14/14
 23542 | Orc:2    | Found Himon Qogeu's Book Shoppe.
 23543 | Orc:2    | Found Hyminuq's Distillery.
 23553 | Orc:2    | Found Bijygier's Antique Armour Boutique.
 23559 | Orc:2    | Bought a potion of heal wounds for 60 gold pieces
 23559 | Orc:2    | Bought a potion of heal wounds for 60 gold pieces
 23561 | Orc:2    | Found Necruw's Distillery.
 23768 | Orc:2    | Bought a glowing plate armour for 676 gold pieces
 23781 | Orc:2    | Bought a runed hat for 182 gold pieces
 24310 | Lair:5   | Identified the +6 scale mail "Ageo" {rC+ Regen+}
 24370 | Lair:5   | Noticed Josephine
 24419 | Lair:5   | Killed Josephine
 24815 | Swamp:1  | Entered Level 1 of the Swamp
 24817 | Swamp:1  | Noticed Frances
 25013 | Lair:4   | Killed Frances
 25302 | Swamp:1  | Acquired the +5 hat "Kufany" {rF+ Regen+ Int+2}
 25543 | Swamp:1  | Reached skill level 15 in Armour
 25983 | Swamp:2  | Noticed a fenstrider witch
 25993 | Swamp:2  | Killed a fenstrider witch
 25994 | Swamp:2  | Reached skill level 20 in Polearms
 26556 | Swamp:3  | Noticed a fenstrider witch
 26569 | Swamp:3  | Killed a fenstrider witch
 26808 | Swamp:3  | Noticed a fenstrider witch
 26817 | Swamp:3  | Killed a fenstrider witch
 26879 | Swamp:3  | Identified the ring of Agarom {rElec rF+ SInv Stlth+}
 27248 | Swamp:4  | Entered Level 4 of the Swamp
 27331 | Swamp:3  | HP: 2/131 [alligator (16)]
 27332 | Swamp:3  | Mangled by an alligator

Illustrated notes

Levels and vault maps discovered:
D:1:      minmay_arrival_up_and_down, layout_loops_ring,
          minmay_misc_feat_enclosed, amcnicky_mini_corridor_feature,
          roderic_lattice_a
D:2:      layout_basic, serial_shops, shop_fountains, grunt_ministairs_1,
          chequers_jeans
D:3:      layout_basic, uniq_sigmund
D:4:      layout_loops_ring
D:5:      layout_loops_cross, mainiacjoe_overflow_concentric_impassable,
          cheibrodos_sewer_entry_sluice, st_stairs_10
D:6:      layout_loops_cross, gammafunk_temple_overflow_wave,
          minmay_temple_entry_ruins, uniq_maggie
D:7:      layout_rooms, nrook_loot_triangle, uniq_duvessa, uniq_menkaure
D:8:      layout_loops_ring, kennysheep_little_box, zin_purify,
          kennysheep_another_room, sigmund_army, uniq_maurice
D:9:      layout_rooms, lair_entry_dummy
D:10:     layout_loops_ring, hiddenorc2_lemuel, gammafunk_ghost_arena,
          special_room [special_room_bee], kennysheep_generic_room_8
Temple:   minmay_crystal_spiral_temple
Lair:1:   layout_cave_pods, enter_volcano_3
Lair:2:   layout_gridlike, grunt_megastairs_3, lemuel_fruit_fields,
          minmay_lair_oklob_chamber
Lair:3:   nzn_winding_woodlands_stair_trap [nzn_winding_woodlands_5x15_zeroes,
          nzn_winding_woodlands_5x15_pool,
          nzn_winding_woodlands_5x15_concentric,
          nzn_winding_woodlands_15x15_thick_spiral,
          nzn_winding_woodlands_5x15_eye, nzn_winding_woodlands_5x15_sidewinder,
          nzn_winding_woodlands_5x15_jagged], layout_big_grid,
          grunt_forest_stairs_basic
Lair:4:   layout_gridlike, swamp_mist, guppyfry_snake_entry_island
Lair:5:   cheibrodos_magma_flow, layout_cave_pods, uniq_josephine
Lair:6:   minmay_lair_end_frog_pond, layout_regular_city,
          minmay_slime_entry_pillars, serial_bayou_shore_b
Swamp:1:  layout_basic_swamp, evilmike_swamp_ruin_house_2, uniq_frances
Swamp:2:  layout_basic_swamp, evilmike_swamp_ruin_rubble_1
Swamp:3:  layout_falls_marsh, nicolae_swamp_very_dense_foliage
Swamp:4:  swamp_pestilence, layout_basic_swamp, ebering_ghost_rock_garden,
          infiniplex_staircase_pool
Orc:1:    layout_diamond_mine
Orc:2:    st_orc_open, layout_diamond_mine

Skill      XL: |  1  2  3  4  5  6  7  8  9 10 11 12 13 14 15 |
---------------+----------------------------------------------+-----
Fighting       | 3 4 5 6 7 9 10 11 12 13 14 16 | 16.9
Polearms       | 4 5 6 7 9 12 14 15 17 19 20 | 20.5
Dodging        | 4 |  4.1
Throwing       | 3 4 5 |  5.3
Armour         | 1 2 4 5 7 9 10 12 13 14 15 | 15.5
Translocations | 2 4 |  4.0
Bows           | 4 5 |  5.0

Action                   |  1- 3 |  4- 6 |  7- 9 | 10-12 | 13-15 || total
-------------------------+-------+-------+-------+-------+-------++-------
Melee: Trident           |    91 |   110 |   333 |       |       ||   534
       Headbutt          |     9 |    21 |    55 |    56 |   113 ||   254
       Bardiche          |       |       |    10 |   402 |   642 ||  1054
 Fire: Shortbow          |       |       |       |     8 |    82 ||    90
Throw: Stone             |    17 |     3 |    38 |       |       ||    58
       Dart              |       |       |    30 |    30 |   108 ||   168
Invok: Ancestor Identity |       |       |       |     1 |       ||     1
       Ancestor Life: He |       |       |       |     1 |       ||     1
       Recall Ancestor   |       |       |       |       |     2 ||     2
       Transference      |       |       |       |       |     1 ||     1
Evoke: Wand              |       |       |     1 |     1 |     3 ||     5
  Use: Scroll            |       |     5 |     6 |    11 |    11 ||    33
       Potion            |       |       |     1 |     1 |     4 ||     6
 Stab: Sleeping          |     2 |       |       |       |       ||     2
       Distracted        |       |       |       |     3 |     6 ||     9
       Confused          |       |       |       |     5 |     9 ||    14
       Petrified         |       |       |       |       |     5 ||     5
       Paralysed         |       |       |       |       |     4 ||     4
Armor: Leather armour    |     4 |       |       |       |       ||     4
       Ring mail         |     4 |       |       |       |       ||     4
       Chain mail        |    30 |    40 |   104 |       |       ||   174
       Acid dragon scale |       |       |     1 |   126 |       ||   127
       Plate armour      |       |       |       |   150 |   568 ||   718
Dodge: Dodged            |    39 |    40 |   118 |   279 |   344 ||   820
